[ AOE2 MATCH · #475976866 ]
UnrankedMongols vs Bohemians
Player's team · LOSS
[ REPLAY ANALYSIS · EXTRACTED FROM THE RECORDED GAME ]
Feudal
10:32
Castle
14:05
Imperial
30:22
| APM avg | 33.3 |
| APM peak | 68 |
| eAPM avg | 22.0 |
| Villagers / military | 197 / 177 |
Focus
⚔️ 38.9% · 🌾 61.1%
Mangudai ×99 · Mangonel ×63 · Trebuchet (Packed) ×8 · Monk ×4 · Battering Ram ×3
Feudal
13:29
Castle
17:24
Imperial
22:05
| APM avg | 28.5 |
| APM peak | 82 |
| eAPM avg | 17.6 |
| Villagers / military | 97 / 115 |
Focus
⚔️ 29.1% · 🌾 70.9%
Skirmisher ×71 · Hussite Wagon ×35 · Trebuchet (Packed) ×7 · Bombard Cannon ×2
Feudal
13:36
Castle
17:48
Imperial
47:09
| APM avg | 18.7 |
| APM peak | 51 |
| eAPM avg | 14.5 |
| Villagers / military | 177 / 10 |
Focus
⚔️ 17.5% · 🌾 82.5%
Elephant Archer ×10
Feudal
10:08
Castle
15:11
Imperial
33:22
| APM avg | 37.5 |
| APM peak | 86 |
| eAPM avg | 26.7 |
| Villagers / military | 207 / 330 |
Focus
⚔️ 37.2% · 🌾 62.8%
Scout Cavalry ×118 · Steppe Lancer ×96 · Mangudai ×69 · Skirmisher ×47
Feudal
13:09
Castle
16:39
Imperial
31:30
| APM avg | 23.5 |
| APM peak | 78 |
| eAPM avg | 18.0 |
| Villagers / military | 143 / 123 |
Focus
⚔️ 25.5% · 🌾 74.5%
Spearman ×110 · Militia ×5 · Mangonel ×5 · Monk ×2 · Trebuchet (Packed) ×1
Feudal
13:21
Castle
16:51
Imperial
35:47
| APM avg | 23.1 |
| APM peak | 62 |
| eAPM avg | 16.5 |
| Villagers / military | 161 / 131 |
Focus
⚔️ 24.2% · 🌾 75.8%
Woad Raider ×111 · Spearman ×17 · Trade Cart ×17 · Monk ×3
Feudal
11:12
Castle
17:17
Imperial
38:32
| APM avg | 27.0 |
| APM peak | 75 |
| eAPM avg | 17.4 |
| Villagers / military | 121 / 119 |
Focus
⚔️ 34.1% · 🌾 65.9%
Steppe Lancer ×43 · Fire Lancer ×35 · Spearman ×22 · Battering Ram ×10 · Trebuchet (Packed) ×5 · Iron Pagoda ×3
Feudal
13:26
Castle
18:22
Imperial
—
| APM avg | 16.4 |
| APM peak | 49 |
| eAPM avg | 11.3 |
| Villagers / military | 74 / 13 |
Focus
⚔️ 28.4% · 🌾 71.6%
Battering Ram ×7 · Monk ×4 · Mangonel ×2
Match map
Initial resources + every placement click. Lines = walls · curves = elevation contours. ◆ gold · ⬟ stone · ● berries · ✦ relic · ◌ wall gap
Your base· ✓ Closed at 14:05 · 0t walls · no gate
lucky0815's base· ✓ Closed at 17:24 · 13t walls · no gate
The Lawman's base· ✓ Closed at 17:48 · 23t walls · no gate
Nur's base· ✓ Closed at 15:11 · 0t walls · no gate
anti.orthographe's base· ✓ Closed at 16:39 · 1t walls · 1 gate(s)
Loto's base· ✓ Closed at 16:51 · 0t walls · no gate
Yasuo, the Unforgiven's base· ✓ Closed at 17:17 · 65t walls · no gate
初夏花开's base· ✓ Closed at 18:22 · 37t walls · no gate
Smoothed initial terrain · ◌ = detected wall gap · hover for details
Inputs per minute
— boomboomBOOM - - lucky0815
Build order — boomboomBOOM
First 150 of 545 actions detected
| 0:02 | Create | Villager (Male) |
| 0:04 | Build | House |
| 0:05 | Build | House |
| 0:17 | Create | Villager (Male) |
| 0:17 | Create | Villager (Male) |
| 0:17 | Create | Villager (Male) |
| 0:18 | Create | Villager (Male) |
| 1:30 | Create | Villager (Male) |
| 2:01 | Build | Lumber Camp |
| 2:06 | Create | Villager (Male) |
| 2:24 | Create | Villager (Male) |
| 2:48 | Create | Villager (Male) |
| 3:07 | Create | Villager (Male) |
| 3:41 | Create | Villager (Male) |
| 3:51 | Build | House |
| 4:09 | Create | Villager (Male) |
| 4:14 | Build | Mill |
| 4:31 | Create | Villager (Male) |
| 4:41 | Create | Villager (Male) |
| 5:19 | Create | Villager (Male) |
| 5:30 | Create | Villager (Male) |
| 5:58 | Build | House |
| 6:05 | Create | Villager (Male) |
| 6:19 | Create | Villager (Male) |
| 6:43 | Create | Villager (Male) |
| 7:18 | Create | Villager (Male) |
| 7:34 | Create | Villager (Male) |
| 7:36 | Build | Mining Camp |
| 8:21 | Research | Feudal Age |
| 8:39 | Build | House |
| 9:39 | Create | Villager (Male) |
| 9:39 | Create | Villager (Male) |
| 9:46 | Build | House |
| 10:32 | Age | Feudal Age |
| 10:34 | Build | Market |
| 10:36 | Build | Blacksmith |
| 11:25 | Research | Castle Age |
| 11:46 | Research | Double-Bit Axe |
| 11:47 | Research | Horse Collar |
| 12:35 | Build | Farm |
| 12:38 | Build | Farm |
| 12:41 | Create | Villager (Male) |
| 14:05 | Age | Castle Age |
| 14:08 | Build | Town Center |
| 14:12 | Build | Town Center |
| 14:19 | Research | Heavy Plow |
| 14:20 | Create | Villager (Male) |
| 14:36 | Build | Farm |
| 14:45 | Research | Bow Saw |
| 14:45 | Research | Bow Saw |
| 14:46 | Research | Bow Saw |
| 14:48 | Create | Villager (Male) |
| 14:56 | Build | Farm |
| 15:03 | Build | Farm |
| 15:06 | Create | Villager (Male) |
| 15:17 | Create | Villager (Male) |
| 15:28 | Build | Farm |
| 15:32 | Create | Villager (Male) |
| 15:40 | Create | Villager (Male) |
| 15:43 | Build | Farm |
| 16:00 | Build | Farm |
| 16:03 | Create | Villager (Male) |
| 16:03 | Create | Villager (Male) |
| 16:03 | Create | Villager (Male) |
| 16:04 | Create | Villager (Male) |
| 16:04 | Create | Villager (Male) |
| 16:09 | Build | Farm |
| 16:15 | Build | Farm |
| 16:20 | Create | Villager (Male) |
| 16:20 | Create | Villager (Male) |
| 16:25 | Create | Villager (Male) |
| 16:26 | Create | Villager (Male) |
| 16:28 | Build | Farm |
| 16:45 | Build | Farm |
| 16:50 | Create | Villager (Male) |
| 16:50 | Create | Villager (Male) |
| 16:54 | Create | Villager (Male) |
| 16:54 | Create | Villager (Male) |
| 17:00 | Build | House |
| 17:03 | Create | Villager (Male) |
| 17:09 | Build | Monastery |
| 17:17 | Build | Farm |
| 17:20 | Build | Farm |
| 17:24 | Create | Villager (Male) |
| 17:24 | Create | Villager (Male) |
| 17:25 | Create | Villager (Male) |
| 17:30 | Build | House |
| 17:32 | Build | House |
| 17:33 | Create | Villager (Male) |
| 17:34 | Create | Villager (Male) |
| 17:34 | Create | Villager (Male) |
| 17:37 | Build | Farm |
| 18:01 | Create | Monk |
| 18:01 | Create | Villager (Male) |
| 18:02 | Create | Villager (Male) |
| 18:02 | Create | Villager (Male) |
| 18:02 | Create | Villager (Male) |
| 18:05 | Build | Farm |
| 18:06 | Create | Villager (Male) |
| 18:06 | Create | Villager (Male) |
| 18:11 | Build | Farm |
| 18:17 | Create | Villager (Male) |
| 18:17 | Create | Villager (Male) |
| 18:17 | Create | Villager (Male) |
| 18:20 | Build | Farm |
| 18:23 | Build | Farm |
| 18:35 | Build | Farm |
| 18:37 | Create | Villager (Male) |
| 18:38 | Create | Villager (Male) |
| 18:38 | Create | Villager (Male) |
| 18:41 | Build | House |
| 18:42 | Build | House |
| 18:43 | Build | House |
| 18:44 | Create | Villager (Male) |
| 18:44 | Create | Villager (Male) |
| 18:44 | Create | Villager (Male) |
| 18:53 | Build | Farm |
| 18:55 | Create | Monk |
| 19:06 | Create | Villager (Male) |
| 19:06 | Create | Villager (Male) |
| 19:07 | Create | Villager (Male) |
| 19:07 | Create | Villager (Male) |
| 19:17 | Build | Town Center |
| 19:22 | Create | Villager (Male) |
| 19:22 | Create | Villager (Male) |
| 19:22 | Create | Villager (Male) |
| 19:22 | Create | Villager (Male) |
| 19:27 | Build | Farm |
| 19:30 | Create | Villager (Male) |
| 19:30 | Create | Villager (Male) |
| 19:31 | Create | Villager (Male) |
| 19:34 | Build | House |
| 19:35 | Build | House |
| 19:47 | Build | Farm |
| 19:54 | Create | Villager (Male) |
| 19:54 | Create | Villager (Male) |
| 19:54 | Create | Villager (Male) |
| 20:00 | Create | Villager (Male) |
| 20:04 | Build | Farm |
| 20:10 | Create | Villager (Male) |
| 20:10 | Create | Villager (Male) |
| 20:25 | Build | Farm |
| 20:33 | Create | Villager (Male) |
| 20:33 | Create | Villager (Male) |
| 20:36 | Build | Farm |
| 20:38 | Build | Farm |
| 20:41 | Create | Villager (Male) |
| 20:41 | Create | Villager (Male) |
| 20:43 | Build | House |
| 20:50 | Build | Town Center |
Build order — lucky0815
First 150 of 289 actions detected
| 0:01 | Create | Villager (Male) |
| 0:01 | Create | Villager (Male) |
| 0:02 | Build | House |
| 0:03 | Build | House |
| 0:27 | Create | Villager (Male) |
| 0:27 | Create | Villager (Male) |
| 1:34 | Create | Villager (Male) |
| 1:48 | Build | Lumber Camp |
| 2:01 | Create | Villager (Male) |
| 2:19 | Create | Villager (Male) |
| 2:52 | Create | Villager (Male) |
| 3:04 | Create | Villager (Male) |
| 3:33 | Build | House |
| 3:40 | Create | Villager (Male) |
| 3:46 | Create | Villager (Male) |
| 4:22 | Create | Villager (Male) |
| 4:35 | Create | Villager (Male) |
| 4:39 | Build | Mill |
| 4:56 | Build | Palisade Wall |
| 5:09 | Research | Loom |
| 5:45 | Create | Villager (Male) |
| 5:49 | Create | Villager (Male) |
| 5:53 | Build | Palisade Wall |
| 5:59 | Create | Villager (Male) |
| 6:02 | Build | House |
| 6:18 | Create | Villager (Male) |
| 6:57 | Create | Villager (Male) |
| 7:07 | Create | Villager (Male) |
| 7:15 | Create | Villager (Male) |
| 7:32 | Create | Villager (Male) |
| 7:49 | Build | Mill |
| 8:00 | Create | Villager (Male) |
| 8:03 | Build | House |
| 8:25 | Create | Villager (Male) |
| 8:40 | Create | Villager (Male) |
| 8:51 | Create | Villager (Male) |
| 9:15 | Create | Villager (Male) |
| 10:58 | Create | Villager (Male) |
| 11:05 | Build | Mining Camp |
| 11:19 | Research | Feudal Age |
| 11:24 | Build | House |
| 11:33 | Build | Mining Camp |
| 11:59 | Build | Farm |
| 12:01 | Build | Farm |
| 12:03 | Build | Farm |
| 12:48 | Create | Villager (Male) |
| 12:49 | Create | Villager (Male) |
| 13:29 | Age | Feudal Age |
| 13:32 | Build | Market |
| 13:36 | Build | Blacksmith |
| 14:17 | Build | Farm |
| 14:18 | Create | Villager (Male) |
| 14:42 | Research | Castle Age |
| 14:48 | Build | Outpost |
| 15:14 | Build | Farm |
| 15:16 | Build | Farm |
| 15:18 | Build | Farm |
| 15:20 | Build | Farm |
| 16:21 | Build | Mining Camp |
| 16:59 | Create | Villager (Male) |
| 16:59 | Create | Villager (Male) |
| 17:24 | Age | Castle Age |
| 17:29 | Build | Castle |
| 18:12 | Build | Lumber Camp |
| 18:55 | Research | Imperial Age |
| 18:55 | Research | Imperial Age |
| 19:52 | Create | Hussite Wagon |
| 20:05 | Research | Double-Bit Axe |
| 20:33 | Research | Bow Saw |
| 20:37 | Create | Hussite Wagon |
| 20:40 | Create | Hussite Wagon |
| 21:16 | Create | Villager (Male) |
| 21:19 | Create | Hussite Wagon |
| 21:38 | Create | Hussite Wagon |
| 21:46 | Create | Villager (Male) |
| 22:02 | Build | House |
| 22:03 | Build | House |
| 22:04 | Build | House |
| 22:05 | Age | Imperial Age |
| 22:07 | Create | Trebuchet (Packed) |
| 22:41 | Create | Villager (Male) |
| 22:44 | Create | Trebuchet (Packed) |
| 22:50 | Create | Villager (Male) |
| 22:54 | Build | House |
| 22:55 | Build | House |
| 23:01 | Build | University |
| 23:08 | Create | Trebuchet (Packed) |
| 23:11 | Create | Villager (Male) |
| 23:32 | Build | Farm |
| 23:33 | Build | Farm |
| 23:35 | Build | Farm |
| 23:37 | Create | Villager (Male) |
| 24:03 | Create | Trebuchet (Packed) |
| 24:17 | Build | Farm |
| 24:19 | Build | Farm |
| 24:20 | Build | Farm |
| 24:22 | Create | Villager (Male) |
| 24:37 | Create | Hussite Wagon |
| 24:54 | Create | Villager (Male) |
| 25:00 | Build | House |
| 25:05 | Create | Villager (Male) |
| 26:04 | Create | Hussite Wagon |
| 26:04 | Create | Hussite Wagon |
| 26:19 | Create | Villager (Male) |
| 26:34 | Create | Villager (Male) |
| 26:56 | Research | Elite Hussite Wagon (upgrade) |
| 27:51 | Create | Hussite Wagon |
| 27:51 | Create | Hussite Wagon |
| 27:51 | Create | Hussite Wagon |
| 28:41 | Create | Villager (Male) |
| 28:41 | Create | Villager (Male) |
| 28:42 | Create | Villager (Male) |
| 28:46 | Build | Town Center |
| 28:51 | Create | Villager (Male) |
| 28:52 | Research | Horse Collar |
| 28:56 | Create | Villager (Male) |
| 29:42 | Create | Villager (Male) |
| 29:43 | Create | Villager (Male) |
| 29:46 | Create | Hussite Wagon |
| 29:46 | Create | Hussite Wagon |
| 29:48 | Research | Conscription |
| 29:48 | Research | Conscription |
| 30:06 | Create | Villager (Male) |
| 30:14 | Research | Chemistry |
| 30:18 | Create | Villager (Male) |
| 30:56 | Create | Hussite Wagon |
| 32:10 | Create | Hussite Wagon |
| 32:11 | Create | Hussite Wagon |
| 32:11 | Create | Hussite Wagon |
| 32:12 | Create | Villager (Male) |
| 32:12 | Create | Villager (Male) |
| 32:12 | Create | Villager (Male) |
| 32:19 | Create | Villager (Male) |
| 32:23 | Build | Castle |
| 32:24 | Build | Mining Camp |
| 32:36 | Create | Hussite Wagon |
| 32:36 | Create | Hussite Wagon |
| 33:10 | Create | Hussite Wagon |
| 33:10 | Create | Hussite Wagon |
| 33:28 | Create | Hussite Wagon |
| 33:31 | Create | Villager (Male) |
| 33:32 | Create | Villager (Male) |
| 33:34 | Build | Farm |
| 33:34 | Build | Farm |
| 33:35 | Build | Farm |
| 33:35 | Build | Farm |
| 33:35 | Build | Farm |
| 33:35 | Build | Farm |
| 34:01 | Create | Hussite Wagon |
| 34:01 | Create | Hussite Wagon |
Build order — The Lawman
First 150 of 388 actions detected
| 0:00 | Create | Villager (Male) |
| 0:01 | Create | Villager (Male) |
| 0:01 | Create | Villager (Male) |
| 0:02 | Create | Villager (Male) |
| 0:02 | Build | House |
| 0:04 | Build | House |
| 0:32 | Research | Loom |
| 1:11 | Create | Villager (Male) |
| 1:12 | Create | Villager (Male) |
| 1:43 | Build | Palisade Wall |
| 1:55 | Create | Villager (Male) |
| 2:45 | Create | Villager (Male) |
| 2:51 | Build | House |
| 3:21 | Create | Villager (Male) |
| 3:43 | Create | Villager (Male) |
| 3:50 | Build | Lumber Camp |
| 4:15 | Create | Villager (Male) |
| 4:42 | Create | Villager (Male) |
| 5:09 | Create | Villager (Male) |
| 5:38 | Create | Villager (Male) |
| 5:39 | Create | Villager (Male) |
| 5:57 | Create | Villager (Male) |
| 6:11 | Build | Mill |
| 6:23 | Create | Villager (Male) |
| 6:23 | Create | Villager (Male) |
| 7:09 | Build | House |
| 7:22 | Create | Villager (Male) |
| 7:22 | Create | Villager (Male) |
| 7:23 | Create | Villager (Male) |
| 8:20 | Create | Villager (Male) |
| 8:36 | Build | Mill |
| 8:58 | Create | Villager (Male) |
| 9:24 | Build | House |
| 9:29 | Create | Villager (Male) |
| 9:46 | Create | Villager (Male) |
| 9:47 | Create | Villager (Male) |
| 10:05 | Build | House |
| 10:19 | Build | House |
| 10:33 | Build | Farm |
| 10:34 | Build | Farm |
| 11:00 | Build | Lumber Camp |
| 11:01 | Create | Villager (Male) |
| 11:01 | Create | Villager (Male) |
| 11:06 | Research | Feudal Age |
| 11:39 | Create | Villager (Male) |
| 11:44 | Build | House |
| 11:56 | Build | Farm |
| 11:57 | Build | Farm |
| 12:11 | Build | Palisade Wall |
| 12:14 | Build | Palisade Wall |
| 12:26 | Build | Mining Camp |
| 13:36 | Age | Feudal Age |
| 13:44 | Build | Market |
| 13:50 | Build | Market |
| 13:52 | Create | Villager (Male) |
| 14:07 | Create | Villager (Male) |
| 14:19 | Build | Blacksmith |
| 15:08 | Research | Castle Age |
| 15:12 | Build | Farm |
| 15:18 | Research | Double-Bit Axe |
| 15:47 | Build | Mining Camp |
| 15:57 | Research | Horse Collar |
| 16:47 | Build | House |
| 16:57 | Create | Villager (Male) |
| 17:14 | Build | House |
| 17:47 | Build | Palisade Wall |
| 17:48 | Age | Castle Age |
| 17:52 | Build | Palisade Wall |
| 17:57 | Create | Villager (Male) |
| 17:57 | Create | Villager (Male) |
| 18:11 | Build | Town Center |
| 18:21 | Build | Town Center |
| 18:22 | Research | Bow Saw |
| 18:31 | Build | House |
| 18:47 | Create | Villager (Male) |
| 18:47 | Create | Villager (Male) |
| 18:53 | Research | Wheelbarrow |
| 18:56 | Build | Farm |
| 19:03 | Create | Villager (Male) |
| 19:12 | Build | House |
| 19:22 | Build | House |
| 19:44 | Build | Mill |
| 20:02 | Build | Farm |
| 20:04 | Build | Farm |
| 20:08 | Build | Farm |
| 20:11 | Build | House |
| 20:25 | Build | Palisade Wall |
| 20:27 | Build | Palisade Wall |
| 20:41 | Create | Villager (Male) |
| 20:41 | Create | Villager (Male) |
| 20:41 | Create | Villager (Male) |
| 20:42 | Create | Villager (Male) |
| 20:47 | Build | House |
| 20:51 | Create | Villager (Male) |
| 20:51 | Create | Villager (Male) |
| 20:59 | Create | Villager (Male) |
| 21:06 | Build | Farm |
| 21:08 | Build | Farm |
| 21:09 | Build | Farm |
| 21:10 | Build | Farm |
| 21:14 | Build | Farm |
| 21:15 | Build | Farm |
| 21:17 | Build | House |
| 21:21 | Create | Villager (Male) |
| 21:28 | Create | Villager (Male) |
| 21:29 | Create | Villager (Male) |
| 21:31 | Build | Farm |
| 21:34 | Build | Farm |
| 21:36 | Build | Farm |
| 21:37 | Build | Farm |
| 21:38 | Build | Farm |
| 21:45 | Create | Villager (Male) |
| 21:54 | Build | Farm |
| 21:54 | Create | Villager (Male) |
| 21:55 | Create | Villager (Male) |
| 21:59 | Build | Farm |
| 22:07 | Create | Villager (Male) |
| 22:07 | Create | Villager (Male) |
| 22:17 | Build | Farm |
| 22:23 | Build | Farm |
| 22:28 | Build | Farm |
| 22:28 | Create | Villager (Male) |
| 22:29 | Create | Villager (Male) |
| 22:34 | Create | Villager (Male) |
| 22:34 | Create | Villager (Male) |
| 22:34 | Create | Villager (Male) |
| 22:35 | Create | Villager (Male) |
| 22:48 | Build | Castle |
| 22:51 | Create | Villager (Male) |
| 22:51 | Create | Villager (Male) |
| 22:56 | Build | Farm |
| 22:58 | Build | Farm |
| 22:59 | Build | Farm |
| 23:07 | Create | Villager (Male) |
| 23:21 | Build | Farm |
| 23:23 | Build | Farm |
| 23:26 | Build | Farm |
| 23:30 | Create | Villager (Male) |
| 23:30 | Create | Villager (Male) |
| 23:31 | Create | Villager (Male) |
| 23:43 | Research | Heavy Plow |
| 23:43 | Research | Heavy Plow |
| 23:49 | Build | Farm |
| 23:52 | Create | Villager (Male) |
| 23:52 | Create | Villager (Male) |
| 23:52 | Create | Villager (Male) |
| 23:56 | Build | Farm |
| 24:02 | Build | Farm |
| 24:04 | Create | Villager (Male) |
| 24:05 | Create | Villager (Male) |
Build order — Nur
First 150 of 444 actions detected
| 0:01 | Create | Villager (Male) ×4 |
| 0:01 | Create | Villager (Male) ×4 |
| 0:02 | Build | House |
| 0:04 | Build | House |
| 1:24 | Create | Villager (Male) |
| 1:50 | Build | Lumber Camp |
| 2:10 | Create | Villager (Male) |
| 2:11 | Create | Villager (Male) |
| 2:12 | Create | Villager (Male) |
| 2:13 | Create | Villager (Male) |
| 2:49 | Create | Villager (Male) |
| 2:49 | Create | Villager (Male) |
| 3:35 | Create | Villager (Male) |
| 3:36 | Create | Villager (Male) |
| 3:37 | Create | Villager (Male) |
| 3:38 | Create | Villager (Male) |
| 4:09 | Create | Villager (Male) |
| 4:09 | Create | Villager (Male) |
| 4:37 | Build | House |
| 4:38 | Build | House |
| 4:57 | Create | Villager (Male) ×4 |
| 4:57 | Create | Villager (Male) ×4 |
| 4:58 | Build | Mill |
| 5:18 | Create | Villager (Male) |
| 5:18 | Create | Villager (Male) |
| 5:20 | Create | Villager (Male) |
| 5:20 | Create | Villager (Male) |
| 5:34 | Create | Villager (Male) |
| 5:37 | Build | House |
| 6:04 | Create | Villager (Male) |
| 6:04 | Create | Villager (Male) |
| 6:05 | Create | Villager (Male) |
| 6:25 | Create | Villager (Male) ×5 |
| 7:58 | Research | Feudal Age |
| 7:58 | Research | Feudal Age |
| 8:24 | Build | Mining Camp |
| 9:07 | Create | Villager (Male) |
| 9:07 | Create | Villager (Male) |
| 10:08 | Age | Feudal Age |
| 10:10 | Build | Market |
| 10:17 | Build | Blacksmith |
| 10:59 | Create | Villager (Male) |
| 11:31 | Create | Villager (Male) |
| 11:56 | Create | Villager (Male) |
| 12:13 | Build | Mill |
| 12:26 | Build | Farm |
| 12:31 | Research | Castle Age |
| 12:31 | Research | Castle Age |
| 12:34 | Build | Farm |
| 13:49 | Research | Double-Bit Axe |
| 13:50 | Research | Horse Collar |
| 13:50 | Research | Horse Collar |
| 14:34 | Research | Wheelbarrow |
| 15:11 | Age | Castle Age |
| 15:11 | Research | Bow Saw |
| 15:12 | Research | Bow Saw |
| 15:12 | Research | Heavy Plow |
| 15:13 | Research | Heavy Plow |
| 15:58 | Build | Town Center |
| 16:11 | Create | Villager (Male) |
| 16:12 | Create | Villager (Male) |
| 16:33 | Create | Villager (Male) |
| 16:52 | Create | Villager (Male) |
| 16:52 | Create | Villager (Male) |
| 17:08 | Build | Town Center |
| 17:27 | Build | Town Center |
| 17:30 | Create | Villager (Male) |
| 17:30 | Create | Villager (Male) |
| 17:36 | Build | Farm |
| 17:55 | Build | Farm |
| 17:59 | Build | Farm |
| 18:12 | Build | Farm |
| 18:13 | Create | Villager (Male) |
| 18:13 | Create | Villager (Male) |
| 18:20 | Create | Villager (Male) ×2 |
| 18:20 | Create | Villager (Male) ×2 |
| 18:20 | Create | Villager (Male) ×2 |
| 18:36 | Create | Villager (Male) ×2 |
| 18:36 | Create | Villager (Male) ×2 |
| 18:42 | Build | Farm |
| 18:52 | Build | Farm |
| 18:52 | Create | Villager (Male) |
| 18:53 | Create | Villager (Male) |
| 18:53 | Create | Villager (Male) |
| 19:00 | Build | Farm |
| 19:09 | Create | Villager (Male) |
| 19:10 | Create | Villager (Male) |
| 19:12 | Build | Farm |
| 19:16 | Build | Farm |
| 19:31 | Build | Farm |
| 19:44 | Create | Villager (Male) ×2 |
| 19:44 | Create | Villager (Male) ×2 |
| 19:44 | Create | Villager (Male) ×2 |
| 19:49 | Build | Farm |
| 19:59 | Create | Villager (Male) |
| 19:59 | Create | Villager (Male) |
| 20:09 | Create | Villager (Male) |
| 20:09 | Create | Villager (Male) |
| 20:13 | Build | Farm |
| 20:18 | Build | Farm |
| 20:19 | Create | Villager (Male) |
| 20:19 | Create | Villager (Male) |
| 20:24 | Create | Villager (Male) ×3 |
| 20:24 | Create | Villager (Male) ×3 |
| 20:28 | Build | Farm |
| 20:34 | Build | House |
| 20:36 | Build | House |
| 20:38 | Build | House |
| 20:39 | Build | House |
| 20:47 | Build | House |
| 20:50 | Build | House |
| 20:50 | Build | House |
| 20:50 | Build | House |
| 20:51 | Build | House |
| 20:54 | Build | Farm |
| 20:54 | Create | Villager (Male) ×2 |
| 20:58 | Build | Farm |
| 20:58 | Create | Villager (Male) |
| 20:59 | Create | Villager (Male) |
| 21:02 | Build | Farm |
| 21:16 | Create | Villager (Male) |
| 21:17 | Create | Villager (Male) |
| 21:25 | Build | Barracks |
| 21:31 | Create | Villager (Male) ×2 |
| 21:31 | Create | Villager (Male) ×2 |
| 21:46 | Create | Villager (Male) |
| 21:46 | Create | Villager (Male) |
| 21:53 | Create | Villager (Male) |
| 21:53 | Create | Villager (Male) |
| 21:59 | Create | Villager (Male) |
| 22:00 | Create | Villager (Male) |
| 22:00 | Create | Villager (Male) |
| 22:06 | Create | Villager (Male) |
| 22:12 | Build | Stable |
| 22:16 | Build | Stable |
| 22:19 | Build | Stable |
| 22:22 | Create | Villager (Male) |
| 22:26 | Build | Stone Wall |
| 22:28 | Build | Stone Wall |
| 22:32 | Create | Villager (Male) |
| 22:35 | Create | Villager (Male) |
| 22:35 | Create | Villager (Male) |
| 22:40 | Build | Farm |
| 22:41 | Build | Farm |
| 22:41 | Create | Villager (Male) |
| 22:41 | Create | Villager (Male) |
| 22:45 | Create | Villager (Male) |
| 22:46 | Create | Villager (Male) |
| 22:48 | Build | Farm |
| 22:48 | Build | Farm |
Build order — anti.orthographe
First 150 of 350 actions detected
| 0:01 | Create | Villager (Male) |
| 0:01 | Create | Villager (Male) |
| 0:01 | Create | Villager (Male) |
| 0:01 | Create | Villager (Male) |
| 0:03 | Build | House |
| 0:05 | Build | House |
| 1:16 | Create | Villager (Male) |
| 1:51 | Create | Villager (Male) |
| 1:53 | Build | Lumber Camp |
| 2:14 | Create | Villager (Male) |
| 3:02 | Create | Villager (Male) |
| 3:20 | Create | Villager (Male) |
| 3:49 | Build | House |
| 4:05 | Create | Villager (Male) |
| 4:30 | Create | Villager (Male) |
| 4:55 | Create | Villager (Male) |
| 5:20 | Create | Villager (Male) |
| 5:25 | Build | Mill |
| 5:49 | Build | House |
| 5:50 | Build | House |
| 5:56 | Create | Villager (Male) |
| 5:56 | Create | Villager (Male) |
| 5:56 | Create | Villager (Male) |
| 5:56 | Create | Villager (Male) |
| 5:56 | Create | Villager (Male) |
| 5:56 | Create | Villager (Male) |
| 5:58 | Create | Villager (Male) |
| 6:20 | Create | Villager (Male) |
| 6:37 | Create | Villager (Male) |
| 6:53 | Create | Villager (Male) |
| 7:04 | Create | Villager (Male) |
| 7:12 | Build | Palisade Gate |
| 7:16 | Build | Palisade Wall |
| 7:30 | Create | Villager (Male) |
| 8:04 | Research | Loom |
| 8:04 | Create | Villager (Male) |
| 8:04 | Create | Villager (Male) |
| 8:16 | Create | Villager (Male) |
| 8:59 | Create | Villager (Male) |
| 9:25 | Create | Villager (Male) |
| 9:50 | Build | Mining Camp |
| 9:54 | Create | Villager (Male) |
| 10:22 | Research | Feudal Age |
| 10:43 | Build | Mining Camp |
| 11:02 | Build | Farm |
| 11:03 | Build | Farm |
| 11:05 | Build | Farm |
| 11:06 | Build | Farm |
| 11:10 | Build | Farm |
| 11:11 | Build | Farm |
| 11:40 | Build | Mill |
| 11:46 | Build | Farm |
| 11:51 | Build | Farm |
| 12:10 | Create | Villager (Male) |
| 12:10 | Create | Villager (Male) |
| 13:09 | Age | Feudal Age |
| 13:11 | Build | Blacksmith |
| 13:13 | Build | Market |
| 13:59 | Research | Castle Age |
| 14:19 | Build | Mill |
| 14:21 | Research | Double-Bit Axe |
| 14:21 | Research | Horse Collar |
| 14:44 | Research | Stone Mining |
| 15:06 | Build | House |
| 15:11 | Create | Villager (Male) |
| 15:53 | Create | Villager (Male) |
| 16:39 | Age | Castle Age |
| 16:48 | Build | Castle |
| 17:06 | Build | Town Center |
| 17:06 | Create | Villager (Male) |
| 17:09 | Research | Bow Saw |
| 17:34 | Create | Villager (Male) |
| 17:43 | Build | House |
| 17:44 | Build | House |
| 17:45 | Build | House |
| 17:55 | Create | Villager (Male) |
| 17:55 | Create | Villager (Male) |
| 18:09 | Create | Villager (Male) |
| 18:16 | Build | Farm |
| 18:16 | Build | Farm |
| 18:17 | Build | Farm |
| 18:17 | Build | Farm |
| 18:17 | Build | Farm |
| 18:17 | Build | Farm |
| 18:18 | Build | Farm |
| 18:21 | Create | Villager (Male) |
| 18:24 | Build | Farm |
| 18:39 | Create | Villager (Male) |
| 18:46 | Build | House |
| 18:47 | Build | House |
| 18:47 | Build | House |
| 18:49 | Create | Villager (Male) |
| 19:04 | Create | Villager (Male) |
| 19:08 | Create | Villager (Male) |
| 19:21 | Create | Villager (Male) |
| 19:41 | Create | Villager (Male) |
| 19:41 | Create | Villager (Male) |
| 19:45 | Build | Town Center |
| 20:00 | Create | Villager (Male) |
| 20:01 | Create | Villager (Male) |
| 20:03 | Build | Farm |
| 20:23 | Build | House |
| 20:25 | Build | House |
| 20:26 | Create | Villager (Male) |
| 20:28 | Build | Farm |
| 20:37 | Research | Wheelbarrow |
| 20:39 | Build | Farm |
| 20:40 | Create | Villager (Male) |
| 20:45 | Create | Villager (Male) |
| 20:51 | Build | Farm |
| 20:55 | Build | Farm |
| 21:01 | Build | Farm |
| 21:04 | Create | Villager (Male) |
| 21:09 | Create | Villager (Male) |
| 21:11 | Build | Farm |
| 21:20 | Build | Farm |
| 21:24 | Create | Villager (Male) |
| 21:29 | Create | Villager (Male) |
| 21:33 | Build | Farm |
| 21:41 | Build | Farm |
| 21:50 | Create | Villager (Male) |
| 21:56 | Build | Lumber Camp |
| 21:57 | Create | Villager (Male) |
| 22:07 | Build | Farm |
| 22:08 | Create | Villager (Male) |
| 22:15 | Create | Villager (Male) |
| 22:21 | Create | Villager (Male) |
| 22:22 | Create | Villager (Male) |
| 22:27 | Create | Villager (Male) |
| 22:31 | Build | Farm |
| 22:32 | Build | Farm |
| 22:41 | Build | Farm |
| 22:50 | Create | Villager (Male) |
| 22:50 | Create | Villager (Male) |
| 22:56 | Create | Villager (Male) |
| 22:56 | Create | Villager (Male) |
| 23:02 | Build | Farm |
| 23:03 | Build | Farm |
| 23:03 | Build | Farm |
| 23:03 | Build | Farm |
| 23:04 | Build | Farm |
| 23:04 | Build | Farm |
| 23:04 | Build | Farm |
| 23:04 | Build | Farm |
| 23:06 | Create | Villager (Male) |
| 23:16 | Create | Villager (Male) |
| 23:19 | Create | Villager (Male) |
| 23:25 | Build | Farm |
| 23:25 | Build | Farm |
| 23:25 | Build | Farm |
Build order — Loto
First 150 of 460 actions detected
| 0:01 | Create | Villager (Male) |
| 0:02 | Create | Villager (Male) |
| 0:02 | Create | Villager (Male) |
| 0:04 | Build | House |
| 0:05 | Build | House |
| 1:05 | Build | Lumber Camp |
| 1:21 | Create | Villager (Male) |
| 1:22 | Create | Villager (Male) |
| 1:32 | Create | Villager (Male) |
| 1:33 | Create | Villager (Male) |
| 1:57 | Create | Villager (Male) |
| 2:37 | Create | Villager (Male) |
| 3:08 | Create | Villager (Male) |
| 3:08 | Create | Villager (Male) |
| 3:08 | Create | Villager (Male) |
| 3:59 | Build | House |
| 4:02 | Build | Mill |
| 4:06 | Create | Villager (Male) |
| 4:06 | Create | Villager (Male) |
| 4:07 | Create | Villager (Male) |
| 4:42 | Create | Villager (Male) |
| 4:42 | Create | Villager (Male) |
| 5:31 | Create | Villager (Male) |
| 5:51 | Create | Villager (Male) |
| 6:10 | Create | Villager (Male) |
| 6:31 | Build | House |
| 6:35 | Create | Villager (Male) |
| 6:50 | Build | House |
| 7:21 | Create | Villager (Male) |
| 7:22 | Create | Villager (Male) |
| 7:40 | Build | Mining Camp |
| 7:46 | Create | Villager (Male) |
| 8:22 | Create | Villager (Male) |
| 8:41 | Create | Villager (Male) |
| 9:30 | Create | Villager (Male) |
| 9:39 | Build | Farm |
| 9:43 | Build | Farm |
| 9:45 | Create | Villager (Male) |
| 10:02 | Create | Villager (Male) |
| 10:27 | Create | Villager (Male) |
| 10:27 | Create | Villager (Male) |
| 10:28 | Research | Feudal Age |
| 11:12 | Build | House |
| 11:52 | Build | Farm |
| 11:59 | Build | Farm |
| 12:01 | Build | Farm |
| 13:08 | Create | Villager (Male) |
| 13:09 | Create | Villager (Male) |
| 13:16 | Build | House |
| 13:21 | Age | Feudal Age |
| 13:25 | Build | Market |
| 13:32 | Build | Blacksmith |
| 13:39 | Research | Double-Bit Axe |
| 13:42 | Research | Horse Collar |
| 14:06 | Research | Castle Age |
| 14:06 | Research | Castle Age |
| 14:14 | Build | Farm |
| 14:29 | Build | Lumber Camp |
| 14:35 | Create | Trade Cart |
| 14:57 | Build | Farm |
| 15:51 | Create | Villager (Male) |
| 15:52 | Create | Villager (Male) |
| 15:54 | Build | Farm |
| 16:03 | Build | Lumber Camp |
| 16:51 | Age | Castle Age |
| 16:52 | Research | Bow Saw |
| 16:52 | Research | Bow Saw |
| 16:59 | Build | Town Center |
| 17:18 | Research | Heavy Plow |
| 17:34 | Build | Market |
| 17:45 | Build | House |
| 17:46 | Build | House |
| 17:47 | Build | House |
| 17:48 | Build | House |
| 17:50 | Create | Villager (Male) |
| 17:51 | Create | Villager (Male) |
| 17:51 | Create | Villager (Male) |
| 17:55 | Create | Villager (Male) |
| 17:57 | Create | Villager (Male) |
| 17:57 | Create | Villager (Male) |
| 17:58 | Create | Villager (Male) |
| 18:00 | Research | Stone Mining |
| 18:39 | Create | Trade Cart |
| 18:40 | Create | Trade Cart |
| 18:42 | Create | Villager (Male) |
| 18:42 | Create | Villager (Male) |
| 18:42 | Create | Villager (Male) |
| 18:53 | Build | Farm |
| 18:57 | Build | Farm |
| 19:11 | Create | Villager (Male) |
| 19:15 | Create | Trade Cart |
| 19:29 | Build | House |
| 19:30 | Build | House |
| 19:31 | Build | House |
| 19:32 | Build | House |
| 19:34 | Build | House |
| 19:35 | Build | House |
| 19:41 | Build | House |
| 19:48 | Create | Villager (Male) |
| 19:49 | Create | Villager (Male) |
| 20:01 | Build | House |
| 20:09 | Research | Loom |
| 20:29 | Build | Farm |
| 20:31 | Build | Farm |
| 20:32 | Build | Farm |
| 20:35 | Build | Farm |
| 20:36 | Build | Farm |
| 20:38 | Build | Farm |
| 20:39 | Build | Farm |
| 20:40 | Create | Villager (Male) |
| 20:40 | Create | Villager (Male) |
| 20:41 | Create | Villager (Male) |
| 21:00 | Build | Castle |
| 21:05 | Create | Villager (Male) |
| 21:07 | Create | Trade Cart |
| 21:07 | Create | Trade Cart |
| 21:08 | Create | Villager (Male) |
| 21:25 | Research | Scale Mail Armor |
| 21:30 | Build | Farm |
| 21:33 | Build | Farm |
| 21:42 | Build | Lumber Camp |
| 21:48 | Build | Lumber Camp |
| 21:49 | Create | Villager (Male) |
| 21:50 | Create | Villager (Male) |
| 21:50 | Create | Villager (Male) |
| 21:50 | Create | Villager (Male) |
| 21:51 | Create | Villager (Male) |
| 22:03 | Build | Monastery |
| 22:34 | Create | Woad Raider |
| 22:34 | Create | Woad Raider |
| 22:37 | Create | Villager (Male) |
| 22:37 | Create | Villager (Male) |
| 22:41 | Build | Farm |
| 22:53 | Create | Monk |
| 23:04 | Build | Farm |
| 23:11 | Create | Villager (Male) |
| 23:11 | Create | Villager (Male) |
| 23:12 | Create | Villager (Male) |
| 23:16 | Research | Wheelbarrow |
| 23:16 | Research | Wheelbarrow |
| 23:19 | Build | Farm |
| 23:35 | Build | Farm |
| 23:47 | Create | Villager (Male) |
| 23:47 | Create | Villager (Male) |
| 23:47 | Create | Villager (Male) |
| 23:49 | Create | Woad Raider |
| 23:49 | Create | Woad Raider |
| 23:58 | Create | Villager (Male) |
| 23:58 | Create | Villager (Male) |
| 24:12 | Build | Farm |
Build order — Yasuo, the Unforgiven
First 150 of 383 actions detected
| 0:02 | Create | Villager (Male) |
| 0:02 | Research | Loom |
| 0:03 | Build | House |
| 0:08 | Build | Palisade Wall |
| 0:17 | Create | Villager (Male) |
| 0:18 | Create | Villager (Male) |
| 0:18 | Create | Villager (Male) |
| 0:41 | Build | Palisade Wall |
| 1:50 | Build | Palisade Wall |
| 2:42 | Build | House |
| 2:45 | Build | Palisade Wall |
| 2:49 | Create | Villager (Male) |
| 2:50 | Create | Villager (Male) |
| 3:14 | Create | Villager (Male) |
| 3:41 | Create | Villager (Male) |
| 4:12 | Create | Villager (Male) |
| 4:29 | Create | Villager (Male) |
| 4:47 | Build | House |
| 4:55 | Create | Villager (Male) |
| 5:23 | Create | Villager (Male) |
| 5:48 | Build | Lumber Camp |
| 5:49 | Create | Villager (Male) |
| 5:49 | Create | Villager (Male) |
| 6:23 | Build | House |
| 6:30 | Create | Villager (Male) |
| 6:36 | Create | Villager (Male) |
| 7:13 | Create | Villager (Male) |
| 7:18 | Build | Mill |
| 7:43 | Create | Villager (Male) |
| 7:43 | Create | Villager (Male) |
| 8:26 | Build | House |
| 8:54 | Build | Mining Camp |
| 9:02 | Research | Feudal Age |
| 10:47 | Build | House |
| 10:53 | Create | Villager (Male) |
| 10:53 | Create | Villager (Male) |
| 11:12 | Age | Feudal Age |
| 11:16 | Research | Double-Bit Axe |
| 11:38 | Create | Villager (Male) |
| 11:43 | Build | Stone Wall |
| 11:52 | Build | Stone Wall |
| 12:13 | Create | Villager (Male) |
| 12:37 | Build | House |
| 12:43 | Build | Barracks |
| 12:48 | Create | Villager (Male) |
| 13:14 | Create | Villager (Male) |
| 13:28 | Create | Villager (Male) |
| 13:46 | Build | Stable |
| 13:59 | Build | Blacksmith |
| 14:07 | Create | Villager (Male) |
| 14:37 | Research | Castle Age |
| 15:04 | Research | Gold Mining |
| 15:05 | Research | Horse Collar |
| 16:00 | Build | Lumber Camp |
| 16:20 | Research | Scale Mail Armor |
| 16:50 | Create | Villager (Male) |
| 16:51 | Create | Villager (Male) |
| 16:58 | Build | Mill |
| 17:17 | Age | Castle Age |
| 17:18 | Build | Siege Workshop |
| 17:19 | Research | Bow Saw |
| 17:22 | Create | Fire Lancer |
| 17:22 | Create | Fire Lancer |
| 17:48 | Create | Villager (Male) |
| 17:52 | Create | Battering Ram |
| 18:09 | Create | Villager (Male) |
| 18:10 | Create | Villager (Male) |
| 18:24 | Create | Fire Lancer |
| 18:27 | Create | Battering Ram |
| 18:51 | Build | House |
| 18:54 | Create | Battering Ram |
| 18:56 | Create | Fire Lancer |
| 19:08 | Create | Villager (Male) |
| 19:08 | Create | Villager (Male) |
| 19:20 | Create | Fire Lancer |
| 19:32 | Create | Iron Pagoda |
| 19:47 | Create | Fire Lancer |
| 20:08 | Research | Forging |
| 20:12 | Create | Villager (Male) |
| 20:12 | Create | Villager (Male) |
| 20:22 | Create | Battering Ram |
| 20:28 | Build | House |
| 20:32 | Create | Fire Lancer |
| 20:33 | Create | Fire Lancer |
| 20:36 | Research | Squires |
| 21:08 | Build | Barracks |
| 21:20 | Create | Villager (Male) |
| 21:21 | Create | Villager (Male) |
| 21:34 | Create | Villager (Male) |
| 21:40 | Build | Farm |
| 21:41 | Build | Farm |
| 21:44 | Create | Battering Ram |
| 21:51 | Create | Fire Lancer |
| 21:51 | Create | Fire Lancer |
| 21:52 | Create | Fire Lancer |
| 21:55 | Build | Siege Workshop |
| 21:58 | Build | Farm |
| 22:25 | Build | Siege Workshop |
| 22:56 | Create | Fire Lancer |
| 22:56 | Create | Fire Lancer |
| 22:57 | Create | Fire Lancer |
| 23:16 | Create | Battering Ram |
| 23:17 | Build | House |
| 23:27 | Create | Villager (Male) |
| 23:27 | Create | Villager (Male) |
| 23:29 | Build | Farm |
| 23:30 | Build | Farm |
| 23:31 | Build | Farm |
| 23:33 | Build | Farm |
| 23:34 | Build | Farm |
| 23:38 | Create | Battering Ram |
| 23:49 | Create | Fire Lancer |
| 23:50 | Create | Fire Lancer |
| 24:28 | Create | Battering Ram |
| 24:30 | Create | Fire Lancer |
| 24:31 | Create | Fire Lancer |
| 24:32 | Create | Fire Lancer |
| 24:32 | Create | Fire Lancer |
| 25:00 | Create | Fire Lancer |
| 25:00 | Create | Fire Lancer |
| 25:01 | Create | Fire Lancer |
| 25:19 | Create | Villager (Male) |
| 25:19 | Create | Villager (Male) |
| 25:22 | Build | Farm |
| 25:22 | Build | Farm |
| 25:27 | Create | Battering Ram |
| 25:28 | Build | House |
| 25:50 | Create | Fire Lancer |
| 25:50 | Create | Fire Lancer |
| 25:51 | Create | Villager (Male) |
| 25:51 | Create | Villager (Male) |
| 25:52 | Create | Villager (Male) |
| 25:57 | Create | Villager (Male) |
| 25:57 | Create | Villager (Male) |
| 26:13 | Build | Town Center |
| 26:41 | Create | Villager (Male) |
| 26:41 | Create | Villager (Male) |
| 26:42 | Build | Farm |
| 26:43 | Build | Farm |
| 27:11 | Create | Fire Lancer |
| 27:16 | Create | Fire Lancer |
| 27:16 | Create | Fire Lancer |
| 27:17 | Create | Villager (Male) |
| 27:17 | Create | Villager (Male) |
| 27:21 | Build | Farm |
| 27:22 | Build | Farm |
| 27:23 | Build | Farm |
| 27:30 | Create | Iron Pagoda |
| 27:35 | Build | Mining Camp |
| 27:40 | Create | Villager (Male) |
Build order — 初夏花开
First 150 of 171 actions detected
| 1:32 | Create | Villager (Male) ×4 |
| 1:34 | Build | House |
| 1:35 | Build | House |
| 2:48 | Build | Palisade Wall |
| 2:51 | Build | Palisade Wall |
| 2:55 | Build | Palisade Wall |
| 3:09 | Create | Villager (Male) |
| 3:10 | Create | Villager (Male) |
| 3:22 | Create | Villager (Male) |
| 3:23 | Create | Villager (Male) |
| 3:46 | Create | Villager (Male) |
| 3:47 | Create | Villager (Male) |
| 4:15 | Create | Villager (Male) |
| 4:46 | Create | Villager (Male) |
| 4:46 | Create | Villager (Male) |
| 4:58 | Build | House |
| 5:10 | Create | Villager (Male) |
| 5:10 | Create | Villager (Male) |
| 5:24 | Build | Palisade Wall |
| 5:28 | Build | Palisade Wall |
| 5:29 | Build | Palisade Wall |
| 5:31 | Build | Palisade Wall |
| 5:36 | Create | Villager (Male) |
| 5:37 | Create | Villager (Male) |
| 5:40 | Build | Lumber Camp |
| 6:07 | Create | Villager (Male) |
| 6:08 | Create | Villager (Male) |
| 6:17 | Build | House |
| 6:28 | Build | Palisade Wall |
| 6:31 | Build | Palisade Wall |
| 6:35 | Create | Villager (Male) |
| 7:01 | Create | Villager (Male) |
| 7:01 | Create | Villager (Male) |
| 7:54 | Create | Villager (Male) |
| 7:54 | Create | Villager (Male) |
| 7:54 | Create | Villager (Male) |
| 8:09 | Create | Villager (Male) |
| 8:10 | Create | Villager (Male) |
| 8:16 | Create | Villager (Male) |
| 8:16 | Create | Villager (Male) |
| 8:39 | Create | Villager (Male) |
| 8:40 | Create | Villager (Male) |
| 8:40 | Create | Villager (Male) |
| 9:02 | Create | Villager (Male) |
| 9:02 | Create | Villager (Male) |
| 9:43 | Build | Mill |
| 10:12 | Build | House |
| 10:13 | Build | House |
| 10:40 | Research | Loom |
| 10:47 | Build | Mill |
| 11:03 | Build | Mining Camp |
| 11:14 | Create | Villager (Male) |
| 11:16 | Research | Feudal Age |
| 11:16 | Research | Feudal Age |
| 11:16 | Research | Feudal Age |
| 11:22 | Build | Barracks |
| 13:26 | Age | Feudal Age |
| 13:31 | Build | Blacksmith |
| 13:33 | Build | Market |
| 13:37 | Create | Villager (Male) |
| 13:38 | Create | Villager (Male) |
| 14:05 | Build | Farm |
| 14:24 | Create | Villager (Male) |
| 14:29 | Build | Farm |
| 14:47 | Create | Villager (Male) |
| 14:54 | Build | Farm |
| 15:13 | Create | Villager (Male) |
| 15:20 | Build | Farm |
| 15:37 | Research | Castle Age |
| 15:45 | Build | Mining Camp |
| 15:47 | Build | Farm |
| 15:52 | Research | Horse Collar |
| 16:09 | Research | Double-Bit Axe |
| 16:18 | Build | Stone Wall |
| 17:51 | Build | Lumber Camp |
| 18:00 | Create | Villager (Male) |
| 18:22 | Age | Castle Age |
| 18:24 | Build | House |
| 18:25 | Build | House |
| 18:29 | Research | Bow Saw |
| 18:35 | Create | Villager (Male) |
| 18:51 | Build | Farm |
| 18:52 | Create | Villager (Male) |
| 18:59 | Build | House |
| 19:00 | Build | House |
| 19:02 | Build | House |
| 19:05 | Build | House |
| 19:10 | Create | Villager (Male) |
| 19:18 | Build | Farm |
| 19:26 | Build | Monastery |
| 19:29 | Create | Villager (Male) |
| 19:45 | Build | Farm |
| 19:49 | Create | Villager (Male) |
| 20:06 | Build | Farm |
| 20:08 | Create | Villager (Male) |
| 20:32 | Create | Villager (Male) |
| 20:33 | Build | Farm |
| 20:36 | Create | Monk |
| 20:38 | Research | Fervor |
| 20:46 | Build | Castle |
| 20:56 | Build | Castle |
| 21:01 | Build | Stone Wall |
| 21:11 | Build | Siege Workshop |
| 21:19 | Build | Castle |
| 21:35 | Create | Villager (Male) |
| 21:38 | Build | Farm |
| 21:39 | Build | Farm |
| 21:49 | Create | Villager (Male) |
| 21:59 | Create | Mangonel |
| 22:10 | Build | Stone Wall |
| 22:15 | Create | Villager (Male) |
| 22:36 | Create | Villager (Male) |
| 22:36 | Create | Villager (Male) |
| 23:27 | Create | Mangonel |
| 23:46 | Create | Villager (Male) |
| 23:47 | Create | Villager (Male) |
| 25:58 | Create | Battering Ram |
| 26:00 | Build | Stone Wall |
| 26:04 | Build | Stone Wall |
| 26:13 | Create | Villager (Male) |
| 26:36 | Create | Monk |
| 27:06 | Build | Lumber Camp |
| 27:09 | Build | Farm |
| 27:18 | Create | Villager (Male) |
| 27:28 | Create | Villager (Male) |
| 27:37 | Create | Battering Ram |
| 27:47 | Create | Villager (Male) |
| 27:54 | Create | Monk |
| 28:21 | Create | Battering Ram |
| 28:24 | Create | Villager (Male) |
| 28:51 | Create | Villager (Male) |
| 28:59 | Create | Villager (Male) |
| 29:02 | Build | Farm |
| 29:15 | Create | Villager (Male) |
| 29:18 | Create | Battering Ram |
| 29:35 | Build | Farm |
| 29:35 | Create | Villager (Male) |
| 29:54 | Build | Mining Camp |
| 29:59 | Create | Battering Ram |
| 30:19 | Create | Battering Ram |
| 30:28 | Create | Villager (Male) |
| 30:44 | Build | University |
| 30:51 | Create | Battering Ram |
| 31:07 | Create | Villager (Male) |
| 31:07 | Create | Villager (Male) |
| 31:26 | Create | Monk |
| 31:33 | Research | Sanctity |
| 31:50 | Create | Villager (Male) |
| 32:36 | Create | Villager (Male) |
| 32:36 | Create | Villager (Male) |
Match timeline
| 0:08 | Yasuo, the Unforgiven · wall_segment Palisade Wall x19 |
| 0:41 | Yasuo, the Unforgiven · wall_segment Palisade Wall x9 |
| 1:43 | The Lawman · wall_segment Palisade Wall x13 |
| 1:50 | Yasuo, the Unforgiven · wall_segment Palisade Wall x4 |
| 2:45 | Yasuo, the Unforgiven · wall_segment Palisade Wall x8 |
| 2:48 | 初夏花开 · wall_segment Palisade Wall x1 |
| 2:51 | 初夏花开 · wall_segment Palisade Wall x4 |
| 2:55 | 初夏花开 · wall_segment Palisade Wall x9 |
| 4:56 | lucky0815 · wall_segment Palisade Wall x13 |
| 5:24 | 初夏花开 · wall_segment Palisade Wall x1 |
| 5:28 | 初夏花开 · wall_segment Palisade Wall x1 |
| 5:29 | 初夏花开 · wall_segment Palisade Wall x1 |
| 5:31 | 初夏花开 · wall_segment Palisade Wall x6 |
| 5:53 | lucky0815 · wall_segment Palisade Wall x4 |
| 6:28 | 初夏花开 · wall_segment Palisade Wall x1 |
| 6:31 | 初夏花开 · wall_segment Palisade Wall x6 |
| 7:16 | anti.orthographe · wall_segment Palisade Wall x1 |
| 10:08 | Nur · age_up feudal |
| 10:32 | boomboomBOOM · age_up feudal |
| 11:12 | Yasuo, the Unforgiven · age_up feudal |
| 11:22 | 初夏花开 · first_building Barracks |
| 11:43 | Yasuo, the Unforgiven · wall_segment Stone Wall x16 |
| 11:52 | Yasuo, the Unforgiven · wall_segment Stone Wall x9 |
| 12:11 | The Lawman · wall_segment Palisade Wall x6 |
| 12:14 | The Lawman · wall_segment Palisade Wall x1 |
| 12:43 | Yasuo, the Unforgiven · first_building Barracks |
| 13:09 | anti.orthographe · age_up feudal |
| 13:21 | Loto · age_up feudal |
| 13:26 | 初夏花开 · age_up feudal |
| 13:29 | lucky0815 · age_up feudal |
| 13:36 | The Lawman · age_up feudal |
| 13:46 | Yasuo, the Unforgiven · first_building Stable |
| 14:00 | Loto · first_market_buy 100 food |
| 14:05 | boomboomBOOM · age_up castle |
| 14:44 | boomboomBOOM · first_market_buy 100 wood |
| 15:11 | Nur · age_up castle |
| 15:25 | 初夏花开 · first_market_buy 100 food |
| 16:18 | 初夏花开 · wall_segment Stone Wall x7 |
| 16:39 | anti.orthographe · age_up castle |
| 16:41 | anti.orthographe · first_market_buy 100 stone |
| 16:48 | anti.orthographe · first_building Castle |
| 16:51 | Loto · age_up castle |
| 16:55 | anti.orthographe · first_market_sell 100 food |
| 16:58 | Nur · first_market_buy 100 wood |
| 17:02 | lucky0815 · first_market_buy 100 stone |
| 17:09 | boomboomBOOM · first_building Monastery |
| 17:17 | Yasuo, the Unforgiven · age_up castle |
| 17:18 | Yasuo, the Unforgiven · first_building Siege Workshop |
| 17:22 | Nur · first_market_sell 100 food |
| 17:24 | lucky0815 · age_up castle |
| 17:29 | lucky0815 · first_building Castle |
| 17:47 | The Lawman · wall_segment Palisade Wall x5 |
| 17:48 | The Lawman · age_up castle |
| 17:52 | The Lawman · wall_segment Palisade Wall x10 |
| 18:19 | lucky0815 · first_market_sell 100 wood |
| 18:22 | 初夏花开 · age_up castle |
| 19:26 | 初夏花开 · first_building Monastery |
| 20:25 | The Lawman · wall_segment Palisade Wall x1 |
| 20:27 | The Lawman · wall_segment Palisade Wall x1 |
| 20:46 | 初夏花开 · first_building Castle |
| 21:00 | Loto · first_building Castle |
| 21:01 | 初夏花开 · wall_segment Stone Wall x1 |
| 21:11 | 初夏花开 · first_building Siege Workshop |
| 21:25 | Nur · first_building Barracks |
| 21:27 | The Lawman · first_market_buy 100 food |
| 22:03 | Loto · first_building Monastery |
| 22:05 | lucky0815 · age_up imperial |
| 22:10 | 初夏花开 · wall_segment Stone Wall x1 |
| 22:12 | Nur · first_building Stable |
| 22:26 | Nur · wall_segment Stone Wall x9 |
| 22:28 | Nur · wall_segment Stone Wall x2 |
| 22:48 | The Lawman · first_building Castle |
| 23:37 | boomboomBOOM · first_building Castle |
| 24:02 | Nur · wall_segment Stone Wall x8 |
| 25:10 | anti.orthographe · first_building Monastery |
| 25:14 | The Lawman · first_building Barracks |
| 25:52 | anti.orthographe · first_building Siege Workshop |
| 26:00 | 初夏花开 · wall_segment Stone Wall x1 |
| 26:02 | Nur · first_building Castle |
| 26:04 | 初夏花开 · wall_segment Stone Wall x5 |
| 26:23 | boomboomBOOM · first_building Barracks |
| 26:28 | The Lawman · first_building Archery Range |
| 27:14 | 初夏花开 · first_market_sell 100 wood |
| 27:20 | boomboomBOOM · first_building Stable |
| 27:21 | boomboomBOOM · first_building Archery Range |
| 27:42 | boomboomBOOM · first_market_sell 100 food |
| 28:44 | Nur · wall_segment Stone Wall x13 |
| 28:44 | anti.orthographe · first_building Barracks |
| 29:03 | boomboomBOOM · first_building Siege Workshop |
| 29:29 | The Lawman · wall_segment Stone Wall x7 |
| 29:31 | The Lawman · wall_segment Stone Wall x9 |
| 29:37 | Loto · tribute_sent a jugador 1 |
| 29:37 | Loto · tribute_sent a jugador 2 |
| 29:37 | Loto · tribute_sent a jugador 3 |
| 29:37 | Loto · tribute_sent a jugador 4 |
| 29:37 | Loto · tribute_sent a jugador 5 |
| 29:37 | Loto · tribute_sent a jugador 7 |
| 29:37 | Loto · tribute_sent a jugador 8 |
| 29:42 | The Lawman · wall_segment Stone Wall x4 |
| 29:48 | The Lawman · wall_segment Stone Wall x6 |
| 29:57 | Nur · tribute_sent a jugador 1 |
| 29:57 | Nur · tribute_sent a jugador 2 |
| 29:57 | Nur · tribute_sent a jugador 3 |
| 29:57 | Nur · tribute_sent a jugador 5 |
| 29:57 | Nur · tribute_sent a jugador 6 |
| 29:57 | Nur · tribute_sent a jugador 7 |
| 29:57 | Nur · tribute_sent a jugador 8 |
| 30:22 | boomboomBOOM · age_up imperial |
| 30:23 | The Lawman · wall_segment Stone Wall x3 |
| 31:00 | Loto · first_building Barracks |
| 31:06 | The Lawman · wall_segment Stone Wall x7 |
| 31:22 | Nur · wall_segment Stone Wall x10 |
| 31:24 | The Lawman · wall_segment Stone Wall x12 |
| 31:30 | anti.orthographe · age_up imperial |
| 31:41 | Loto · first_market_sell 500 wood |
| 33:22 | Nur · age_up imperial |
| 34:23 | Nur · wall_segment Stone Wall x14 |
| 34:28 | The Lawman · wall_segment Stone Wall x1 |
| 34:29 | The Lawman · wall_segment Stone Wall x1 |
| 34:30 | The Lawman · wall_segment Stone Wall x1 |
| 34:30 | The Lawman · wall_segment Stone Wall x1 |
| 34:31 | The Lawman · wall_segment Stone Wall x1 |
| 34:32 | The Lawman · wall_segment Stone Wall x1 |
| 34:32 | The Lawman · wall_segment Stone Wall x1 |
| 34:33 | The Lawman · wall_segment Stone Wall x1 |
| 34:33 | The Lawman · wall_segment Stone Wall x1 |
| 34:34 | The Lawman · wall_segment Stone Wall x1 |
| 34:35 | The Lawman · wall_segment Stone Wall x1 |
| 34:35 | The Lawman · wall_segment Stone Wall x1 |
| 34:42 | anti.orthographe · resign |
| 34:45 | 初夏花开 · wall_segment Stone Wall x1 |
| 34:46 | 初夏花开 · wall_segment Stone Wall x1 |
| 34:48 | 初夏花开 · wall_segment Stone Wall x1 |
| 34:57 | 初夏花开 · wall_segment Stone Wall x1 |
| 35:40 | The Lawman · wall_segment Stone Wall x7 |
| 35:42 | The Lawman · wall_segment Stone Wall x7 |
| 35:47 | Loto · age_up imperial |
| 36:56 | 初夏花开 · wall_segment Stone Wall x1 |
| 36:59 | 初夏花开 · wall_segment Stone Wall x6 |
| 37:02 | 初夏花开 · wall_segment Stone Wall x1 |
| 37:10 | lucky0815 · wall_segment Stone Wall x8 |
| 38:18 | Nur · first_building Archery Range |
| 38:32 | Yasuo, the Unforgiven · age_up imperial |
| 39:00 | The Lawman · wall_segment Stone Wall x9 |
| 39:15 | The Lawman · wall_segment Stone Wall x12 |
| 39:40 | lucky0815 · first_building Barracks |
| 39:58 | The Lawman · wall_segment Stone Wall x6 |
| 40:14 | The Lawman · wall_segment Stone Wall x1 |
| 40:42 | lucky0815 · wall_segment Palisade Wall x1 |
| 40:44 | The Lawman · wall_segment Stone Wall x1 |
| 40:48 | The Lawman · wall_segment Stone Wall x1 |
| 40:48 | The Lawman · wall_segment Stone Wall x1 |
| 40:50 | The Lawman · wall_segment Stone Wall x1 |
| 40:50 | The Lawman · wall_segment Stone Wall x1 |
| 40:51 | The Lawman · wall_segment Stone Wall x1 |
| 41:09 | lucky0815 · first_building Archery Range |
| 42:04 | Yasuo, the Unforgiven · first_building Castle |
| 42:10 | The Lawman · wall_segment Stone Wall x1 |
| 42:11 | The Lawman · wall_segment Stone Wall x2 |
| 42:12 | The Lawman · wall_segment Stone Wall x1 |
| 42:12 | The Lawman · wall_segment Stone Wall x1 |
| 42:13 | The Lawman · wall_segment Stone Wall x1 |
| 42:13 | The Lawman · wall_segment Stone Wall x1 |
| 42:15 | The Lawman · wall_segment Stone Wall x1 |
| 42:40 | lucky0815 · first_building Siege Workshop |
| 43:15 | The Lawman · wall_segment Stone Wall x1 |
| 43:17 | The Lawman · wall_segment Stone Wall x1 |
| 47:09 | The Lawman · age_up imperial |
[ AI ANALYSIS · 1 CREDIT ]
What really happened in this match?
Wolo.gg analyzes every decision: build order, eco, micro, common mistakes by bracket. Personalized analysis on WhatsApp or Discord in 30 seconds.
Civ guide
Mongols
Perfil
Jugador #25360400